 Dungeon Sprint DCSS version 0.19-a0-376-gf780d9b (webtiles) character file.

949 Loading the Cruncher (level 8, -14/68 HPs)
             Began as a Formicid Fighter on May 30, 2016.
             Was a Believer of Qazlal.
             Demolished by a skeletal warrior
             ... wielding a +0 mace
              (22 damage)
             ... in the Dungeon (Sprint IX: "|||||||||||||||||||||||||||||").
             The game lasted 00:01:49 (265 turns).

Loading the Cruncher (Formicid Fighter)              Turns: 265, Time: 00:01:50

Health: -14/68     AC: 13    Str: 21    XL:     8   Next: 35%
Magic:  10/13      EV: 11    Int: 11    God:    Qazlal [**....]
Gold:   0          SH: 15    Dex: 15    Spells: 0 memorised, 7 levels left

rFire  . . .     SeeInvis +     q - +0 lajatang
rCold  . . .     Gourm    .     s - +1 chain mail
rNeg   . . .     Faith    .     c - +0 shield
rPois  .         Spirit   .     (helmet unavailable)
rElec  .         Dismiss  .     (no cloak)
rCorr  .         Reflect  .     r - +0 pair of gloves
SustAt .         Harm     .     (no boots)
MR     .....                    (no amulet)
Stlth  ..........               u - +3 ring of intelligence
                                t - +3 ring of dexterity

@: not resistant to hostile enchantments, extremely unstealthy
A: permanent stasis, dig shafts and tunnels, four strong arms, antennae 3
a: Dig, Upheaval, Renounce Religion


You were in the Dungeon.
You worshipped Qazlal.
Qazlal was pleased with you.
You were not hungry.

You visited 1 branch

Inventory:

Hand Weapons
 a - a +0 quarterstaff
 q - a +0 lajatang (weapon)
Armour
 c - a +0 shield (worn)
 r - a +0 pair of gloves (worn)
 s - a +1 chain mail (worn)
Jewellery
 t - a +3 ring of dexterity (left hand)
 u - a +3 ring of intelligence (right hand)
Wands
 p - a wand of acid (7/15)
Scrolls
 k - 2 scrolls of blinking
 n - 3 scrolls of remove curse
 o - 2 scrolls of amnesia
Potions
 d - a potion of might
 e - 5 potions of curing
 g - 2 potions of heal wounds
 h - a potion of haste
 i - 4 potions of magic
 j - a potion of berserk rage
 m - a potion of invisibility
Comestibles
 f - a bread ration
 l - 4 chunks of flesh


   Skills:
 + Level 7.9 Fighting
 * Level 9.6 Staves
 + Level 8.0 Armour
 + Level 5.9 Dodging
 + Level 8.7 Shields
 + Level 7.3 Invocations


You had 7 spell levels left.
You didn't know any spells.

Dungeon Overview and Level Annotations

Branches:
Dungeon (1/1)

Altars:
Cheibriados
Dithmenos
Elyvilon
Fedhas
Gozag
Hepliaklqana
Kikubaaqudgha
Makhleb
Nemelex Xobeh
Okawaru
Pakellas
Qazlal
Ru
Sif Muna
Trog
Ukayaw
Vehumet
Xom
Yredelemnul
Zin
The Shining One
Beogh
Jiyva
Lugonu


Innate Abilities, Weirdness & Mutations

You are under a permanent stasis effect.
You can dig through walls and to a lower floor.
Your four strong arms can wield two-handed weapons with a shield.
You have a pair of large antennae on your head. (SInv)


Message History

You slice the komodo dragon!!
The komodo dragon is almost dead.
You block the komodo dragon's attack.
You closely miss the komodo dragon.
The komodo dragon is almost dead.
You block the komodo dragon's attack.
You slash the komodo dragon!
You kill the komodo dragon!
Qazlal accepts your kill.
Your Armour skill increases to level 8!
Your Invocations skill increases to level 7!
You have reached level 8!
You feel stronger.
You barely miss the skeletal warrior.
You hit the skeletal warrior but do no damage.
The skeletal warrior hits you with a mace!!
* * * LOW HITPOINT WARNING * * *
You closely miss the skeletal warrior.
The skeletal warrior hits you with a mace!!
You die... {{{{{{{{ ▓▓▓▓▓▓▓▓▓▓▓▓▓▓▓▓▓▓▓▓▓▓▓▓ '..|).[[..).....@zFg.... ▓▓▓▓▓▓▓▓▓▓▓▓▓▓▓▓▓▓▓▓▓▓▓▓

You could see a skeletal warrior, a gnoll sergeant and a giant frog.

Vanquished Creatures
  A cyclops (D)
  A komodo dragon (D)
  An eye of draining (D)
  An ogre (D)
  A howler monkey (D)
  A crimson imp (D)
  A jelly (D)
  2 worker ants (D)
  A dart slug (D)
  2 orcs (D)
  A ball python (D)
  A bat (D)
  A bat zombie (D)
  A jackal (D)
  A giant newt (D)
  A jackal zombie (D)
  A rat (D)
19 creatures vanquished.

Notes
Turn   | Place    | Note
--------------------------------------------------------------
     0 | D        | Loading the Formicid Fighter began the quest for the Orb.
     0 | D        | Reached XP level 1. HP: 18/18 MP: 1/1
     6 | D        | Reached skill level 1 in Dodging
    12 | D        | Reached XP level 2. HP: 23/24 MP: 2/2
    22 | D        | Reached skill level 3 in Staves
    67 | D        | Found a glowing silver altar of Zin.
    67 | D        | Found a glowing golden altar of the Shining One.
    67 | D        | Found an ancient bone altar of Kikubaaqudgha.
    67 | D        | Found a basalt altar of Yredelemnul.
    67 | D        | Found a shimmering altar of Xom.
    67 | D        | Found a radiant altar of Vehumet.
    68 | D        | Found an iron altar of Okawaru.
    69 | D        | Found a burning altar of Makhleb.
    70 | D        | Found a deep blue altar of Sif Muna.
    71 | D        | Found a bloodstained altar of Trog.
    72 | D        | Found a sparkling altar of Nemelex Xobeh.
    73 | D        | Found a white marble altar of Elyvilon.
    74 | D        | Found a roughly hewn altar of Beogh.
    75 | D        | Found a viscous altar of Jiyva.
    76 | D        | Found a corrupted altar of Lugonu.
    77 | D        | Found a blossoming altar of Fedhas.
    78 | D        | Found a snail-covered altar of Cheibriados.
    79 | D        | Found a shadowy altar of Dithmenos.
    80 | D        | Found a stormy altar of Qazlal.
    81 | D        | Found an opulent altar of Gozag.
    82 | D        | Found a sacrificial altar of Ru.
    83 | D        | Found an oddly glowing altar of Pakellas.
    84 | D        | Found a hide-covered altar to Ukayaw.
    85 | D        | Found a hazy altar of Hepliaklqana.
    88 | D        | Became a worshipper of Qazlal Stormbringer
   140 | D        | Noticed an ogre
   140 | D        | Noticed a howler monkey
   140 | D        | Noticed an eye of draining
   140 | D        | Noticed a crimson imp
   146 | D        | Reached skill level 4 in Staves
   146 | D        | Reached skill level 1 in Invocations
   146 | D        | Reached XP level 3. HP: 30/30 MP: 0/4
   148 | D        | Killed an ogre
   148 | D        | Reached skill level 5 in Fighting
   148 | D        | Reached skill level 5 in Staves
   148 | D        | Reached skill level 5 in Armour
   148 | D        | Reached skill level 5 in Shields
   148 | D        | Reached XP level 4. HP: 39/39 MP: 0/6
   148 | D        | Reached XP level 5. HP: 44/44 MP: 0/7
   154 | D        | Reached * piety under Qazlal
   154 | D        | Reached skill level 6 in Staves
   163 | D        | Killed an eye of draining
   163 | D        | Reached XP level 6. HP: 52/52 MP: 1/9
   164 | D        | Reached skill level 7 in Staves
   175 | D        | Reached ** piety under Qazlal
   175 | D        | Reached skill level 5 in Invocations
   237 | D        | Noticed a cyclops
   237 | D        | Noticed a komodo dragon
   237 | D        | Noticed a skeletal warrior
   251 | D        | Killed a cyclops
   251 | D        | Reached skill level 9 in Staves
   251 | D        | Reached skill level 5 in Dodging
   251 | D        | Reached XP level 7. HP: 34/60 MP: 9/12
   262 | D        | Killed a komodo dragon
   262 | D        | Reached XP level 8. HP: 26/68 MP: 10/13
   265 | D        | Demolished by a skeletal warrior

Vault maps used:
D:        linesprint

Skill      XL: |  1  2  3  4  5  6  7 |
---------------+----------------------+-----
Dodging        | 1 3 4 5 |  5.9
Shields        | 4 5 6 8 |  8.7
Staves         | 4 5 6 9 |  9.6
Fighting       | 4 5 7 |  7.9
Armour         | 4 5 6 7 8 |  8.0
Invocations    | 1 3 4 6 7 |  7.3

Action                   |  1- 3 |  4- 6 |  7- 9 || total
-------------------------+-------+-------+-------++-------
Melee: Quarterstaff      |    26 |       |       ||    26
       Lajatang          |     8 |    38 |    14 ||    60
  Use: Potion            |       |     1 |       ||     1
Armor: Scale mail        |    13 |       |       ||    13
       Chain mail        |     3 |     7 |     2 ||    12
Dodge: Dodged            |    10 |     4 |     2 ||    16
Block: Shield            |    24 |    16 |     5 ||    45
